 Dungeon Crawl Stone Soup version 0.31-a0-233-g139696dc86 (webtiles) character file.

Game seed: 7965815492229321314

180 qw the Shooter (level 5, 0/45 HPs)
             Began as a Minotaur Hexslinger on July 8, 2023.
             Killed from afar by an orc wizard (4 damage)
             ... with a puff of flame
             ... on level 4 of the Dungeon.
             The game lasted 00:01:04 (2530 turns).

qw the Shooter (Minotaur Hexslinger)                Turns: 2530, Time: 00:01:04

Health: 0/45       AC:  5    Str: 13    XL:     5   Next: 33%
Magic:  5/5        EV: 11    Int: 10    God:
Gold:   236        SH:  0    Dex: 14    Spells: 5/6 levels left

rFire   . . .        Y - +3 sling
rCold   . . .        (no shield)
rNeg    . . .        d - +0 ring mail
rPois   .            (helmet restricted)
rElec   .            (no cloak)
rCorr   .            (no gloves)
SInv    .            (no boots)
Will    .....        (no amulet)
Stlth   +            (no ring)
HPRegen 0.27/turn    (no ring)
MPRegen 0.09/turn

%: no passive effects
@: about to teleport
A: horns 2, retaliatory headbutt
a: no special abilities


You were on level 4 of the Dungeon.
You visited 1 branch of the dungeon, and saw 4 of its levels.

You collected 236 gold pieces.


Innate Abilities, Weirdness & Mutations

You have a pair of horns on your head.
You reflexively headbutt those who attack you in melee.


   Skills:
 - Level 3.1 Fighting
 + Level 5.1 Ranged Weapons
 - Level 2.1 Armour
 - Level 2.1 Dodging
 - Level 1.0 Spellcasting
 - Level 2.0 Hexes


You had 5 spell levels left.
You knew the following spells:

 Your Spells              Type           Power      Damage    Failure   Level
a - Slow                  Hex            16%        N/A       32%         1

Your spell library contained the following spells:

 Spells                   Type           Power      Damage    Failure   Level
 Inner Flame              Hex/Fire       2%         N/A       82%         3
 Portal Projectile        Hex/Tloc       4%         N/A       82%         3
 Cause Fear               Hex            2%         N/A       97%         4

Inventory:

Hand Weapons
 Y - a +3 sling (weapon)
Armour
 d - a +0 ring mail (worn)
Wands
 f - a wand of digging (5)
Scrolls
 a - a scroll of identify
 b - a scroll of fog {unknown}
Potions
 i - a potion of invisibility {unknown}
 k - a potion of haste {unknown}

Dungeon Overview and Level Annotations

Branches:
Dungeon (4/15)
 Temple: D:4-7

Altars:
Fedhas
Kikubaaqudgha


Message History

The orc wizard is almost dead.
The orc wizard points at you and mumbles some strange words.
The puff of flame hits you!
You shoot a sling bullet. The sling bullet misses the orc wizard.
An orc comes into view. It is wielding a +0 club.
The orc wizard points at you and mumbles some strange words.
The puff of flame hits you but does no damage.
You shoot a sling bullet.
The sling bullet closely misses the orc wizard.
The orc hits you with a +0 hand axe.
The orc wizard gestures wildly while chanting.
The orc wizard flickers and vanishes!
Deactivating autopickup; reactivate with Ctrl-A.
The orc hits you with a +0 hand axe.
An orc comes into view. It is wielding a +0 club.
Something hits you but does no damage.
You shoot a sling bullet.
The sling bullet hits the orc but does no damage.
The goblin hits you with a +0 dagger. The orc hits you with a +0 hand axe.
Something hits you.
You shoot a sling bullet. The sling bullet barely misses the orc.
The goblin hits you but does no damage. The orc closely misses you.
Something hits you.
You shoot a sling bullet. The sling bullet barely misses the orc.
The goblin hits you but does no damage. The orc hits you with a +0 hand axe.
Something hits you.
2529 ||| READING scroll of teleportation.
As you read the scroll of teleportation, it crumbles to dust.
You feel strangely unstable. The orc closely misses you.
You furiously retaliate!
You headbutt the orc!
You kill the orc!
The goblin hits you with a +0 dagger. Something hits you but does no damage.
You shoot a sling bullet.
The sling bullet hits the orc but does no damage.
Something hits you. The orc hits you with a +0 club.
The goblin hits you but does no damage.
You hear some strange, mumbled words.
A puff of flame appears from out of thin air!
The puff of flame hits you.
You die...

#.##.#.#.#######...
#.#..#.#.##.....###
#.#.##.#.##.###.###
#.#..#...##...)....
#.##.##########.###
#.##.# #.......
...###....# #.##....
...'....### #.......
...####@# # #....... .
#.go{...... #.###...
....#)####...##<###...
...####.o
.............. .. ...
..............
##)...............
..............#.
.........###.##.
....... #....


You could see 2 orcs and a goblin.

Vanquished Creatures
  2 iguanas (D:3)
  Ijyb (D:4)
  3 adders
  2 worms
  2 dart slugs
  7 orcs (D:4)
  3 bats
  10 endoplasms
  3 giant cockroaches (D:1)
  3 goblins
  3 hobgoblins
  3 quokkas
  6 ball pythons
  2 frilled lizards
  6 kobolds
  5 rats
61 creatures vanquished.

Notes
Turn   | Place    | Note
-------+----------+-------------------------------------------
     0 | D:1      | qw the Minotaur Hexslinger began the quest for the Orb.
     0 | D:1      | Reached XP level 1. HP: 16/16 MP: 1/1
     0 | D:1      | 0 ||| qw: Version: 0.3-a-46-gb1f654a
     0 | D:1      | 0 ||| qw: Game counter: 3391
     0 | D:1      | 0 ||| qw: Melee chars always use a shield: true
     0 | D:1      | 0 ||| qw: God list: Okawaru
     0 | D:1      | 0 ||| qw: Allow faded altars: false
     0 | D:1      | 0 ||| qw: Do Orc after clearing Dungeon:15 true
     0 | D:1      | 0 ||| qw: Do second Lair branch before Depths: true
     0 | D:1      | 0 ||| qw: Lair rune preference: random
     0 | D:1      | 0 ||| qw: Goals: Normal
     0 | D:1      | 0 ||| PLANNING D:1-11
   230 | D:1      | 230 ||| Stepping ~*~*~tactically~*~*~ (outnumbered).
   239 | D:1      | Reached skill level 3 in Ranged Weapons
   267 | D:1      | Reached XP level 2. HP: 23/23 MP: 2/2
   339 | D:1      | You fall into a shaft and drop 1 floor!
   426 | D:2      | 426 ||| UPGRADING to +0 ring mail.
   436 | D:2      | 436 ||| DROPPING +0 robe.
   437 | D:2      | 437 ||| READING scroll labelled HEPNOM JIASID.
   438 | D:2      | 438 ||| READING scroll labelled XINWENG BUTHRAM.
   439 | D:2      | 439 ||| DROPPING scroll of poison.
   605 | D:1      | Found a faded altar of an unknown god.
  1107 | D:2      | Reached XP level 3. HP: 29/29 MP: 3/3
  1154 | D:2      | Found an ancient bone altar of Kikubaaqudgha.
  1303 | D:2      | 1303 ||| READING scroll labelled CYBLUFF ODYI.
  1308 | D:2      | 1308 ||| READING 2 scrolls labelled ACUZIW ITIHI.
  1309 | D:2      | 1309 ||| DRINKING 3 metallic amethyst potions.
  1310 | D:2      | 1310 ||| DROPPING scroll of revelation.
  1385 | D:3      | Reached skill level 4 in Ranged Weapons
  1495 | D:3      | Reached XP level 4. HP: 29/36 MP: 4/4
  1906 | D:3      | Found a blossoming altar of Fedhas.
  2071 | D:3      | 2071 ||| READING scroll labelled OMOGGUL DORRIA.
  2072 | D:3      | 2072 ||| DRINKING 2 purple potions.
  2073 | D:3      | 2073 ||| READING 4 scrolls of identify.
  2073 | D:3      | 2073 ||| IDENTIFYING sedimented purple potion
  2074 | D:3      | 2074 ||| READING 3 scrolls of identify.
  2074 | D:3      | 2074 ||| IDENTIFYING sapphire potion
  2075 | D:3      | 2075 ||| READING 2 scrolls of identify.
  2075 | D:3      | 2075 ||| IDENTIFYING smoky cyan potion
  2076 | D:3      | 2076 ||| DROPPING potion of berserk rage.
  2077 | D:3      | 2077 ||| DROPPING potion of degeneration.
  2078 | D:3      | 2078 ||| DROPPING potion of attraction.
  2102 | D:4      | 2102 ||| STAIRDANCE
  2110 | D:3      | HP: 9/36 [iguana (10)]
  2111 | D:3      | 2111 ||| DRINKING potion of heal wounds.
  2241 | D:4      | 2241 ||| READING scroll of enchant weapon.
  2241 | D:4      | 2241 ||| ENCHANTING +2 sling.
  2299 | D:4      | Reached skill level 5 in Ranged Weapons
  2317 | D:4      | Noticed Ijyb
  2332 | D:4      | Killed Ijyb
  2333 | D:4      | Reached XP level 5. HP: 19/44 MP: 5/5
  2369 | D:4      | 2369 ||| FLEEEEING.
  2474 | D:4      | Reached skill level 3 in Fighting
  2501 | D:4      | 2501 ||| DRINKING 2 potions of curing.
  2501 | D:4      | 2501 ||| (to cure confusion)
  2514 | D:4      | 2514 ||| DRINKING potion of curing.
  2514 | D:4      | 2514 ||| (to cure confusion)
  2528 | D:4      | HP: 8/45 [orc/+0 hand axe (6)]
  2529 | D:4      | 2529 ||| READING scroll of teleportation.
  2530 | D:4      | Killed from afar by an orc wizard

Levels and vault maps discovered:
D:1:      dpeg_arrival_circle_labyrinth_c, layout_basic,
          ebering_ecumenical_altar_petrified, minivault_25, hangedman_decor_push
D:2:      layout_basic, basic_altar
D:3:      layout_loops_ring, nicolae_overflow_hidden_temple
D:4:      layout_basic, uniq_ijyb

Skill      XL: |  1  2  3  4  5 |
---------------+----------------+-----
Ranged Weapons | 3 4 5 |  5.1
Fighting       | 2 3 |  3.1
Armour         | 2 |  2.1
Dodging        | |  2.1
Spellcasting   | |  1.0
Hexes          | |  2.0

Action                     |  1- 3 |  4- 6 || total
---------------------------+-------+-------++-------
   Fire: Sling             |   131 |   109 ||   240
    Use: Scroll            |     4 |     6 ||    10
         Potion            |     1 |     4 ||     5
 Armour: Robe              |     3 |       ||     3
         Ring mail         |    11 |    32 ||    43
  Dodge: Dodged            |    32 |    42 ||    74

Table legend:
 A = Non-vault XP
 B = Vault XP
 C = Vault XP percentage of total XP
 D = Non-vault monster count
 E = Vault monster count
 F = Vault count percentage of total count
                 A         B        C        D         E       F
            +---------+---------+-------+---------+---------+-------
      Total |     223 |      35 |  13.6 |      60 |       1 |   1.6
            +---------+---------+-------+---------+---------+-------
        D:1 |      33 |       0 |   0.0 |      20 |       0 |   0.0
        D:2 |      21 |       0 |   0.0 |      10 |       0 |   0.0
        D:3 |     126 |       0 |   0.0 |      16 |       0 |   0.0
        D:4 |      43 |      35 |  44.9 |      14 |       1 |   6.7
            +---------+---------+-------+---------+---------+-------
